 Dungeon Crawl Stone Soup version 0.19.0-19-g8c6edcc (console) character file.

266 Kloppie the Skirmisher (level 6, 0/51 HPs)
             Began as a Demonspawn Berserker on Nov 14, 2016.
             Was a Priest of Trog.
             Shot with an arrow by a centaur (1 damage)
             ... on level 4 of the Dungeon.
             The game lasted 00:03:50 (2957 turns).

Kloppie the Skirmisher (Demonspawn Berserker)       Turns: 2957, Time: 00:03:50

Health: 0/51       AC: 10    Str: 17    XL:     6   Next: 0%
Magic:  6/6        EV: 10    Int:  9    God:    Trog [***...]
Gold:   210        SH:  0    Dex: 14    Spells: 0 memorised, 5 levels left

rFire  . . .     SeeInvis .     a - +0 hand axe
rCold  . . .     Gourm    .     t - +0 scale mail
rNeg   . . .     Faith    .     (no shield)
rPois  .         Spirit   .     (helmet restricted)
rElec  .         Reflect  .     (no cloak)
rCorr  .         Harm     .     e - +0 pair of gloves
MR     .....                    l - +2 pair of boots
Stlth  ++........               (no amulet)
                                (no ring)
                                (no ring)

@: exhausted, slowed, very slow
A: horns 1, nightstalker 2
a: Berserk, Trog's Hand, Burn Spellbooks, Renounce Religion


You were on level 4 of the Dungeon.
You worshipped Trog.
Trog was most pleased with you.
You were not hungry.

You visited 1 branch of the dungeon, and saw 4 of its levels.

You collected 210 gold pieces.

Inventory:

Hand Weapons
 a - a +0 hand axe (weapon)
Armour
 e - a +0 pair of gloves (worn)
 l - a +2 pair of boots (worn)
 t - a +0 scale mail (worn)
 u - a +0 plate armour
Jewellery
 n - an uncursed ring of ice {unknown}
Scrolls
 f - a scroll of random uselessness {unknown}
 h - 2 scrolls of enchant armour {unknown}
 m - a scroll of blinking {unknown}
 o - a scroll of noise {unknown}
 r - 2 scrolls of identify {unknown}
 s - a scroll of immolation {unknown}
 v - a scroll of remove curse {unknown}
Potions
 g - 2 potions of lignification {unknown}
 j - 2 potions of heal wounds {unknown}
 k - 2 potions of curing {unknown}
 q - a potion of cure mutation {unknown}
 w - a potion of cancellation {unknown}
Comestibles
 c - 2 bread rations
 d - 3 fruits
 p - a slice of pizza


   Skills:
 + Level 5.2 Fighting
 + Level 4.6 Axes
 - Level 1.7 Armour
 - Level 1.7 Dodging


You had 5 spell levels left.
You didn't know any spells.

Dungeon Overview and Level Annotations

Branches:
Dungeon (4/15)
 Temple: D:4-7

Altars:
Nemelex Xobeh
Zin


Innate Abilities, Weirdness & Mutations

You have a pair of small horns on your head.
You are significantly more attuned to the shadows.


Message History

The centaur shoots an arrow.
The arrow closely misses you.
You see here an arrow.
The centaur shoots an arrow.
The arrow hits you.
* * * LOW HITPOINT WARNING * * *
You see here an arrow.
The centaur shoots an arrow.
The arrow completely misses you.
The centaur shoots an arrow.
The arrow hits you!
* * * LOW HITPOINT WARNING * * *
You see here 2 arrows.
The centaur shoots an arrow.
The arrow hits you!
* * * LOW HITPOINT WARNING * * *
You see here an arrow.
The centaur shoots an arrow.
The arrow closely misses you.
You see here an arrow.
The centaur shoots an arrow.
The arrow barely misses you.
The centaur shoots an arrow.
The arrow hits you.
* * * LOW HITPOINT WARNING * * *
You see here an arrow.
The centaur shoots an arrow.
The arrow hits you.
You die...

.......### #........# ..#.
#.......# ....### #......#
......#### #......##
........c### ##.#.##..#
#...)..>(((###.(@<..#.#
#..)((..#.%(c.......#.#
#...)[..######....<.#.####
#....(...#..........#....#
#................[[##....#
#.......)..####.#.[......#
#........#.###.....##....#
#.......##.##.......#....#
##?.)..###.#.........#####


You could see a centaur.

Vanquished Creatures
  A bullfrog (D:3)
  A gnoll shaman (D:4)
  An orc wizard (D:4)
  4 gnolls (D:4)
  3 adders
  A worm (D:3)
  4 dart slugs (D:1)
  7 orcs
  9 bats
  2 giant cockroaches
  8 goblins
  6 hobgoblins
  8 jackals
  A quokka (D:2)
  2 frilled lizards (D:1)
  4 kobolds
  8 rats
70 creatures vanquished.

Notes
Turn   | Place    | Note
-------+----------+-------------------------------------------
     0 | D:1      | Kloppie the Demonspawn Berserker began the quest for the Orb.
     0 | D:1      | Reached XP level 1. HP: 18/18 MP: 1/1
    65 | D:1      | Gained mutation: You are slightly more attuned to the shadows. [demonic ancestry]
    65 | D:1      | Reached XP level 2. HP: 18/24 MP: 2/2
   516 | D:1      | Gained mutation: You are significantly more attuned to the shadows. [demonic ancestry]
   516 | D:1      | Reached XP level 3. HP: 16/29 MP: 3/3
   656 | D:1      | Reached ** piety under Trog
  1450 | D:2      | Reached skill level 4 in Fighting
  1565 | D:2      | Reached XP level 4. HP: 37/37 MP: 4/4
  1753 | D:3      | Found a sparkling altar of Nemelex Xobeh.
  1833 | D:3      | Noticed a bullfrog
  1841 | D:3      | Killed a bullfrog
  1841 | D:3      | Reached XP level 5. HP: 43/43 MP: 5/5
  2163 | D:3      | Found a glowing silver altar of Zin.
  2815 | D:4      | Reached skill level 5 in Fighting
  2941 | D:4      | Noticed a centaur
  2945 | D:4      | Reached *** piety under Trog
  2945 | D:4      | Gained mutation: You have a pair of small horns on your head. [demonic ancestry]
  2945 | D:4      | Reached XP level 6. HP: 40/51 MP: 6/6
  2956 | D:4      | HP: 1/51 [centaur/arrow (3)]
  2957 | D:4      | Shot with an arrow by a centaur

Skill      XL: |  1  2  3  4  5 |
---------------+----------------+-----
Axes           | 3 4 |  4.6
Fighting       | 4 5 |  5.2
Armour         | |  1.7
Dodging        | |  1.7

Action                   |  1- 3 |  4- 6 || total
-------------------------+-------+-------++-------
Melee: Hand axe          |   120 |    93 ||   213
Invok: Berserk           |     3 |     4 ||     7
 Stab: Sleeping          |    12 |     2 ||    14
  Eat: Chunk             |     5 |     5 ||    10
       Meat ration       |       |     1 ||     1
Armor: Animal skin       |    18 |       ||    18
       Ring mail         |    33 |    23 ||    56
       Scale mail        |       |    24 ||    24
       Skin              |       |     2 ||     2
Dodge: Dodged            |    68 |    66 ||   134
